Description

You want a new all-in in PvT? Try this Protoss build order! It's a strong DT / zealot all-in! A big thanks to MaxPax for the build.

VOD

https://youtu.be/11zUbpQe9EI

Replay - BratOK v MaxPax - Eternal Empire LE

Build Order

Get SALT Encoding   

  12  0:00  Probe  
  13  0:13  Probe  
  14  0:18  Pylon  
  14  0:25  Probe  
  15  0:37  Gateway, Probe (Chrono Boost)  
  16  0:47  Assimilator  
  16  0:48  Probe x2 (Chrono Boost)  
  17  0:55  Assimilator  
  18  1:03  Probe  
  19  1:15  Probe  
  20  1:24  Cybernetics Core  
  20  1:27  Pylon  
  20  1:28  Probe  
  21  1:40  Probe  
  23  2:01  Stalker, Twilight Council  
  25  2:02  Warp Gate  
  25  2:27  Nexus  
  25  2:38  Robotics Facility  
  24  2:51  Dark Shrine  
  25  3:04  Gateway  
  25  3:15  Gateway  
  25  3:29  Warp Prism (Chrono Boost)  
  32  4:08  Dark Templar x2  
  37  4:13  Dark Templar  
  39  4:44  Dark Templar x2  
  46  5:07  Pylon x2  
  46  5:09  Charge (Chrono Boost)  
  46  5:20  Gateway x2  
  46  5:22  Immortal (Chrono Boost)  
  46  5:24  Pylon  
  52  5:44  Archon  
  52  5:47  Zealot x3  
  59  5:51  Warp Prism (Chrono Boost)  
  60  6:00  Gateway x2  
  60  6:07  Sentry, Dark Templar, Zealot  
  66  6:19  Archon  
  67  6:25  Observer  
  67  6:34  Zealot x4  
  75  6:42  Dark Templar  
  59  6:58  Zealot x2  
Spawning Tool Build Advisor. Get it on Overwolf

Go to:

Details

  • Created by: zuka      
  • Published on: Apr 25, 2020
  • Patch: 4.11.0
Show
View Real Time Build Order
Export as new Build Order

Comments (0)

There are no comments. Be the first!

Create an account to comment!